 Dungeon Crawl Stone Soup version 0.28.0-45-g0d030f2227 (webtiles) character file.

Game seed: 12005184167458324065

91 Peloso the Shield-Bearer (level 4, 0/40 HPs)
             Began as a Minotaur Fighter on Apr 3, 2022.
             Killed from afar by an orc wizard (6 damage)
             ... with a magic dart
             ... on level 2 of the Dungeon.
             The game lasted 00:02:24 (2142 turns).

Peloso the Shield-Bearer (Minotaur Fighter)         Turns: 2142, Time: 00:02:24

Health: 0/40       AC:  7    Str: 20    XL:     4   Next: 33%
Magic:  3/3        EV:  9    Int:  5    God:
Gold:   38         SH:  0    Dex: 12    Spells: 3/3 levels left

rFire   . . .      SeeInvis .   a - +0 long sword
rCold   . . .      Faith    .   c - +0 buckler
rNeg    . . .      Spirit   .   b - +0 scale mail
rPois   .          Reflect  .   (helmet restricted)
rElec   .          Harm     .   (no cloak)
rCorr   .          Rampage  .   (no gloves)
Will    .....                   (no boots)
Stlth   ..........              (no amulet)
HPRegen 0.13/turn               (no ring)
MPRegen 0.08/turn               (no ring)

@: confused
A: horns 2, retaliatory headbutt
a: no special abilities


You were on level 2 of the Dungeon.
You visited 1 branch of the dungeon, and saw 3 of its levels.

You collected 66 gold pieces.
You spent 28 gold pieces at shops.

Inventory:

Hand Weapons
 a - a +0 long sword (weapon)
Armour
 b - a +0 scale mail (worn)
 c - a +0 buckler (worn)
Jewellery
 f - the amulet "Cagrifaum" {Reflect rF+++ rC- rCorr Str-4 SH+5}
   (You found it on level 2 of the Dungeon)

   [amulet of reflection]

   It reflects blocked missile attacks.
   Str:       It affects your strength (-4).
   rF:        It renders you almost immune to fire.
   rC:        It makes you vulnerable to cold.
   rCorr:     It protects you from acid and corrosion.
   SH:        It affects your SH (+5).
Scrolls
 j - a scroll of teleportation {unknown}
Potions
 d - a potion of might
 e - a potion of cancellation
 g - a potion of ambrosia {unknown}
 h - a potion of resistance {unknown}
 i - 3 potions of brilliance {unknown}


   Skills:
 + Level 4.0 Fighting
 + Level 4.1 Long Blades
 + Level 4.2 Armour
 + Level 0.3 Dodging
 + Level 4.3 Shields


You had 3 spell levels left.
You didn't know any spells.
Your spell library was empty.

Dungeon Overview and Level Annotations

Branches:
Dungeon (3/15)

Altars:

Shops:
D:2 *


Innate Abilities, Weirdness & Mutations

You have a pair of horns on your head.
You reflexively headbutt those who attack you in melee.


Message History

The orc wizard flickers and vanishes!
Deactivating autopickup; reactivate with Ctrl-A.
The orc wizard hits you but does no damage.
Something hits you.
You slash the orc wizard!
The orc wizard is almost dead.
The orc wizard hits you with a +0 dagger.
Something hits you. You block the orc wizard's attack.
You slash the orc wizard!
You kill the orc wizard!
Something hits you but does no damage.
Your Long Blades skill increases to level 4!
You have reached level 4!
You feel agile.
You miss something. Something hits you but does no damage.
You completely miss something. Something hits you.
Something hits you but does no damage.
You closely miss something. Something hits you.
You miss something. Something hits you but does no damage.
You slash something! Something hits you but does no damage.
You barely miss something. Your headbutt misses something.
You hear some strange, mumbled words.
A puff of flame appears from out of thin air!
The puff of flame hits you!
You hear some strange, mumbled words.
You are confused.
You're too confused to move!
Something hits you.
You barely miss something. Something hits you.
* * * LOW HITPOINT WARNING * * *
You bump into the rock wall.
Something hits you but does no damage.
You bump into the rock wall.
You hear some strange, mumbled words.
A magic dart appears from out of thin air!
The magic dart hits you.
* * * LOW HITPOINT WARNING * * *
You miss something. Your headbutt misses something.
You hear some strange, mumbled words.
A magic dart appears from out of thin air!
The magic dart hits you.
You die...

#.#...###..#....#######.####.####
#.......#..#.#..##..............#
#.#.#####..#.#..######..#..#.####
#.#.# #..#.##.........#..###
#.#.# #........#####..#..# #.#.#
#.#####..#...#..#..# #.#.#####.#
#..#.#.#..#..# #.#....<#.#
#{)#...#..#..# #.#######'###
##@##..#..#..#
#...........#######..#..#..#
............'.)...#.....#..#
#####.......#####.##.##.#####
#.......# #.#.........#
#.......### #'##..#.###.#
###.......###∩##..#.###.####
#.#####.######..#.#......##
####.# #.##......#.#.#.....#


There were no monsters in sight!

Vanquished Creatures
  An orc wizard (D:2)
  An adder (D:2)
  A worm (D:2)
  A dart slug (D:2)
  4 orcs (D:2)
  3 bats
  5 endoplasms
  4 goblins
  6 hobgoblins
  5 jackals (D:2)
  2 quokkas
  5 ball pythons (D:2)
  A frilled lizard (D:1)
  2 kobolds
  A rat (D:2)
42 creatures vanquished.

Notes
Turn   | Place    | Note
-------+----------+-------------------------------------------
     0 | D:1      | Peloso the Minotaur Fighter began the quest for the Orb.
     0 | D:1      | Reached XP level 1. HP: 19/19 MP: 0/0
   228 | D:1      | Found a faded altar of an unknown god.
   593 | D:1      | Reached XP level 2. HP: 25/27 MP: 1/1
   868 | D:2      | Found Ynwoyggehiky's General Store.
   992 | D:2      | Identified the amulet "Cagrifaum" {Reflect rF+++ rC- rCorr
                  | Str-4 SH+5}
  1147 | D:2      | Reached XP level 3. HP: 33/33 MP: 2/2
  1709 | D:2      | Bought a scroll of identify for 28 gold pieces
  2132 | D:2      | Reached XP level 4. HP: 29/40 MP: 3/3
  2142 | D:2      | Killed from afar by an orc wizard

Illustrated notes

Levels and vault maps discovered:
D:1:      evilmike_arrival_fibonacci_small, layout_loops_ring,
          ebering_ecumenical_altar_sacrificial
D:2:      layout_basic, serial_shops, nicolae_shop_window_shopping
D:3:      minmay_general_purpose_star, layout_rooms

Skill      XL: |  1  2  3 |
---------------+----------+-----
Shields        | 4 |  4.3
Long Blades    | 3 4 |  4.1
Armour         | 4 |  4.2
Fighting       | 4 |  4.0
Dodging        | |  0.3

Action                   |  1- 3 |  4- 6 || total
-------------------------+-------+-------++-------
Melee: Long sword        |   101 |     8 ||   109
       Headbutt          |     9 |       ||     9
  Use: Scroll            |     2 |       ||     2
Armor: Scale mail        |    52 |     5 ||    57
Dodge: Dodged            |    46 |       ||    46
Block: Buckler           |    26 |       ||    26
